 Dungeon Crawl Stone Soup version 0.26-a0-259-g1effd001a9 (webtiles) character file.

Game seed: 633045145223386969

32504 Goblin1989 the Destroyer (level 13, -3/98 HPs)
             Began as a Demonspawn Venom Mage on July 8, 2020.
             Was an Initiate of Gozag.
             Slain by a red draconian
             ... wielding a +2 broad axe of flaming
              (20 damage)
             ... in a volcano on July 12, 2020.
             The game lasted 01:22:52 (20174 turns).

Goblin1989 the Destroyer (Demonspawn Venom Mage)   Turns: 20174, Time: 01:22:52

Health: -3/98      AC: 24    Str:  9    XL:     13   Next: 31%
Magic:  12/25      EV: 17    Int: 21    God:    Gozag
Gold:   2486       SH:  0    Dex: 18    Spells: 3/28 levels left

rFire    . . .     SeeInvis .   O - +6 falchion "Subrag" {drain, +Fly rN+ Dex+4}
rCold    + . .     Faith    .   (no shield)
rNeg     + + .     Spirit   .   y - +0 leather armour "Anie" {+Blink rC+}
rPois    .         Reflect  .   q - +2 helmet
rElec    .         Harm     .   g - scarf {+Inv}
rCorr    .                      D - +1 pair of gloves
MR       .....                  (no boots)
Stlth    ++........             (no amulet)
HPRegen  0.26/turn              A - +4 ring of protection
MPRegen  0.19/turn              m - ring of positive energy

@: gold aura, sanguine armour, very slightly contaminated, invisible
A: talons 1, foul stench 1, powered by death 2, rot immunity, sanguine armour 3
a: Potion Petition, Call Merchant, Bribe Branch, Renounce Religion, Evoke Blink,
Evoke Flight


You were in a volcano.
You worshipped Gozag.
Gozag was most pleased with you.
You were not hungry.

You visited 3 branches of the dungeon, and saw 19 of its levels.
You also visited: Ice Cave and Volcano.

You collected 3406 gold pieces.
You spent 104 gold pieces at shops.
You paid 816 gold pieces to Gozag.

Inventory:

Hand Weapons
 H - a +5 hunting sling of venom
 O - the +6 falchion "Subrag" (weapon) {drain, +Fly rN+ Dex+4}
   (You found it on level 7 of the Dungeon)

   A truly terrible weapon, it drains the life of those it strikes.
   It affects your dexterity (+4).
   It protects you from negative energy.
   It lets you fly.
Missiles
 F - 436 stones {@Q3}
 G - 116 sling bullets
 Z - 2 throwing nets (quivered) {!d , @Q1}
Armour
 g - a scarf of invisibility (worn)
 p - a +2 animal skin
 q - a +2 helmet (worn)
 w - a +2 leather armour of fire resistance
 y - the +0 leather armour "Anie" (worn) {+Blink rC+}
   (You found it on level 9 of the Dungeon)

   It protects you from cold.
   It lets you blink.
 D - a +1 pair of gloves (worn)
 K - a +0 tower shield of cold resistance
Magical Staves
 Y - an uncursed staff of fire
Jewellery
 f - an uncursed ring of protection from fire
 i - an uncursed ring of protection from fire
 m - a ring of positive energy (right hand)
 o - an uncursed ring of poison resistance
 A - a +4 ring of protection (left hand)
 N - an uncursed ring of fire {unknown}
 U - the ring of Igetixuady {rPois rN+++ EV-4 Int+3 Dex-4 Slay+2}
   (You found it on level 4 of the Dungeon)

   [ring of evasion]

   It affects your evasion (-4).
   It affects your intelligence (+3).
   It affects your dexterity (-4).
   It affects your accuracy and damage with ranged weapons and melee attacks
   (+2).
   It protects you from poison.
   It renders you almost immune to negative energy.
Wands
 c - a wand of flame (14) {@v6}
 d - a wand of digging (6) {@v1}
 x - a wand of iceblast (16) {@v4}
 E - a wand of acid (9) {@v2}
 P - a wand of clouds (5) {@v3}
 S - a wand of paralysis (11) {@v7}
Scrolls
 a - 2 scrolls of enchant weapon
 b - 3 scrolls of enchant armour
 h - 4 scrolls of amnesia
 k - 7 scrolls of remove curse {@r3}
 r - 2 scrolls of summoning
 B - a scroll of brand weapon
 I - a scroll of fog
 L - a scroll of immolation
 R - a scroll of identify {@r1}
 T - 7 scrolls of teleportation {!r, @r2}
 W - 2 scrolls of fear
Potions
 j - 2 potions of flight
 l - 5 potions of haste {@q3,}
 n - 2 potions of might {@q4}
 s - a potion of cancellation
 u - 3 potions of mutation {!q}
 v - 8 potions of curing {@q1}
 z - 2 potions of stabbing
 C - 4 potions of resistance
 J - 2 potions of magic
 M - a potion of berserk rage
 Q - a potion of ambrosia
 V - 2 potions of invisibility
 X - 3 potions of lignification
Comestibles
 e - 37 rations


   Skills:
 - Level 8.0 Fighting
 + Level 9.2 Long Blades
 - Level 8.0 Dodging
 - Level 1.7 Stealth
 - Level 8.0 Spellcasting
 * Level 11.9 Conjurations
 - Level 0.8 Transmutations
 - Level 10.0 Poison Magic


You had 3 spell levels left.
You knew the following spells:

 Your Spells              Type           Power        Failure   Level
a - Sting                 Tmut/Pois      ####         1%          1
b - Poisonous Vapours     Pois/Air       ####..       2%          2
c - Ignite Poison         Fire/Tmut/Pois ###.....     8%          3
d - Blink                 Tloc           N/A          17%         2
e - Olgreb's Toxic Radia  Pois           ######..     1%          4
f - Call Imp              Summ           #.......     17%         2
g - Fulminant Prism       Conj/Hex       ####......   10%         4
j - Conjure Flame         Conj/Fire      ####....     3%          3
m - Mephitic Cloud        Conj/Pois/Air  #####...     1%          3
o - Apportation           Tloc           #.....       11%         1

Your spell library contained the following spells:

 Spells                   Type           Power        Failure   Level
 Magic Dart               Conj           ####         1%          1
 Searing Ray              Conj           ######       1%          2
 Dazzling Flash           Conj/Hex       ####..       3%          3
 Animate Skeleton         Necr           #.....       11%         1
 Corona                   Hex            #......      11%         1
 Summon Small Mammal      Summ           #...         11%         1
 Slow                     Hex            #.......     17%         2
 Recall                   Summ/Tloc      N/A          32%         3
 Iskenderun's Mystic Bla  Conj/Tloc      ####....     10%         4
 Animate Dead             Necr           #.........   73%         4
 Borgnjor's Vile Clutch   Necr/Erth      #.........   97%         5
 Death Channel            Necr           #.........   100%        6
 Simulacrum               Ice/Necr       #.........   100%        6


Dungeon Overview and Level Annotations

Branches:
Dungeon (12/15)            Temple (1/1) D:5            Lair (6/6) D:11
 Shoals (0/4) Lair:3        Snake (0/4) Lair:2        Slime (0/5) Lair:6
    Orc (0/2) D:10          IceCv (visited)         Volcano (1/1)

Altars:
Ashenzari
Cheibriados
Dithmenos
Elyvilon
Fedhas
Gozag
Hepliaklqana
Kikubaaqudgha
Makhleb
Nemelex Xobeh
Okawaru
Qazlal
Ru
Sif Muna
Trog
Uskayaw
Vehumet
Wu Jian
Xom
Yredelemnul
Zin
The Shining One

Shops:
D:9 [   D:11 *:

Annotations:
D:3 1 runed translucent door, Flugslaktarn's ghost, weakling GnFE
D:4 1 runed translucent door, Menkaure; SamuraiZach's ghost, amateur TrBe
D:8 2 transporters, exclusion: wraith, Glokmah's ghost, novice DDFi; Maurice
Lair:1 3 runed translucent doors, Esekla's ghost, journeyman FoIE


Innate Abilities, Weirdness & Mutations

You have sharp toenails.
You may emit foul miasma when damaged in melee.
You regenerate health from kills.
You are immune to rotting.
When seriously injured, your bleeding wounds create very thick armour. (AC +12)


Message History

You see here a +0 trident.
You regained 3 hp, and now have 60/98 hp.
You see here a leather armour of fire resistance.
w - a leather armour of fire resistance
There is a rock-blocked tunnel, spattered with blood here.
You see here a +0 trident.
A salamander comes into view. It is wielding a +0 halberd.
Found a leather armour of fire resistance and 18 gold pieces.
There is a rocky tunnel leading out of this place here.
Found a potion of berserk rage and a fizzy purple potion.
A salamander comes into view. It is wielding a +0 trident.
Found a leather armour of fire resistance.
Found a rocky tunnel leading out of this place.
A red draconian comes into view.
It is wielding a +2 broad axe of flaming.
The salamander misses you.
You riposte.
You closely miss the salamander. You slash the salamander!
You drain the salamander.
The salamander is moderately wounded.
You hit the salamander. You drain the salamander.
You claw the salamander, but do no damage.
The salamander is heavily wounded.
There is a rumble as the volcano erupts.
The roof shakes.
The red draconian roars!
The salamander closely misses you.
Casting: Apportation (safe; 11% risk of failure)
Confirm with . or Enter, or press ? or * to list all spells.
Aiming: Fulminant Prism (dangerous; 10% risk of failure)
Press: ? - help, Dir - move target cursor You conjure a prism of explosive energy!
A fulminant prism comes into view.
The salamander misses you.
You now have 15/25 mp.
Casting: Fulminant Prism (dangerous; 10% risk of failure)
Confirm with . or Enter, or press ? or * to list all spells.
Okay, then.
You hit the salamander. You drain the salamander.
The salamander is heavily wounded.
The salamander barely misses you.
You hit the salamander. You drain the salamander.
Your kick misses the salamander.
The salamander is severely wounded.
Your fulminant prism crackles loudly.
The salamander hits you but does no damage.
The salamander looks sick.
You slash the salamander! You drain the salamander.
The salamander is almost dead.
Your fulminant prism explodes!
The blast of energy engulfs the red draconian!
The red draconian is lightly wounded.
The blast of energy engulfs the salamander!
The salamander is almost dead.
The red draconian breathes flames at you.
The searing blast hits the salamander.
The salamander completely resists.
The searing blast hits you!
You take 14 damage, and have 51/98 hp.
Casting: Fulminant Prism (dangerous; 10% risk of failure)
Confirm with . or Enter, or press ? or * to list all spells.
Aiming: Fulminant Prism (dangerous; 10% risk of failure)
Press: ? - help, Dir - move target cursor You conjure a prism of explosive energy!
A fulminant prism comes into view.
You are engulfed in blazing flames.
* * * LOW HITPOINT WARNING * * *
The salamander misses you.
You take 12 damage, and have 39/98 hp.
You now have 11/25 mp.
You hit the red draconian. You drain the red draconian.
The red draconian is lightly wounded.
You are engulfed in blazing flames.
* * * LOW HITPOINT WARNING * * *
The salamander barely misses you.
The red draconian breathes flames at you.
The searing blast hits you!
* * * LOW HITPOINT WARNING * * *
You take 18 damage, and have 21/98 hp.
Okay, then.
Press: ? - help, v - describe, . - travel
Here: a red draconian, wielding a +2 broad axe of flaming and wearing a +2 cloak (lightly wounded, catching its breath, lightly drained)
The floor.
You fade into invisibility!
* * * LOW HITPOINT WARNING * * *
Your fulminant prism crackles loudly.
The red draconian closely misses you.
You riposte.
You hit the red draconian. You drain the red draconian.
The red draconian is moderately wounded.
The salamander closely misses you.
You riposte.
You barely miss the salamander.
You claw the salamander, but do no damage.
The salamander is almost dead.
You are very lightly contaminated with residual magic.
You take 2 damage, and have 19/98 hp.
Unknown command.
You feel much better.
* * * LOW HITPOINT WARNING * * *
Your fulminant prism explodes!
The blast of energy engulfs the red draconian!
The red draconian is heavily wounded.
The blast of energy engulfs the salamander!
You kill the salamander!
A salamander comes into view. It is wielding a +0 trident.
The red draconian hits you with a +2 broad axe of flaming!!
You die...
Your body crumbles into a pile of gold. ██ ███. █ .... ███∩ █.. .[. ..██████.█ ███████

█..█████....█
██d.![∩.█
.....█......███@$[!.█
....███..)∩N...███.██
. ██.....☼██
█N...██...$
█..█..█.█████
█...████..█ █N[..
.██.)) .∩█.█ .. ██..
█.██ [.N █.


You could see a red draconian (catching breath, drained) and 2 salamanders.

Vanquished Creatures
  Gastronok (Lair:3)
  A frost giant (IceCv)
  A centaur warrior (D:8)
  A two-headed ogre (D:8)
  Urug (Lair:6)
  An unseen horror (D:10)
  An ugly thing (D:11)
  2 salamanders (Volcano)
  2 cyclopes
  A manticore (D:8)
  Joseph (D:8)
  5 black mambas
  4 elephants (Lair:3)
  An ice statue (IceCv)
  2 cane toads
  2 centaur skeletons
  4 komodo dragons
  A queen bee (Lair:3)
  14 polar bears (IceCv)
  4 blink frogs (Lair:3)
  A dream sheep (Lair:2)
  6 hippogriffs
  A snapping turtle (Lair:3)
  23 yaks
  A basilisk (Lair:2)
  An acid dragon (D:10)
  13 water moccasins
  A porcupine (Lair:3)
  3 sky beasts
  2 black bears
  3 ice beasts
  5 orc warriors
  5 ogres
  A phantom (D:7)
  38 wolves
  A necrophage (D:9)
  3 centaurs
  8 crocodiles
  Blork the orc (D:4)
  7 bullfrogs
  2 scorpions
  26 killer bees
  3 electric eels (Lair:3)
  3 hounds
  6 jellies
  4 bullfrog skeletons
  3 orc priests
  7 orc wizards
  2 gnoll shamans
  Ijyb (D:4)
  6 iguanas
  7 worker ants
  2 hound skeletons
  Robin (D:2)
  13 gnolls
  15 adders
  A howler monkey skeleton (D:7)
  A shadow imp (D:5)
  3 white imps
  3 ufetubi
  9 oozes
  2 worms
  A dart slug (D:3)
  11 leopard geckos
  41 orcs
  A ball python (D:1)
  8 giant cockroaches
  14 goblins
  19 hobgoblins
  7 jackals
  5 quokkas
  8 bats
  11 frilled lizards
  7 kobolds
  A quokka skeleton (D:6)
  5 rats
433 creatures vanquished.

Vanquished Creatures (collateral kills)
  2 ice beasts
2 creatures vanquished.

Vanquished Creatures (others)
  A bush (Lair:6)
  21 fulminant prisms
  6 fungi (Lair:6)
  21 plants
49 creatures vanquished.

Grand Total: 484 creatures vanquished

Notes
Turn   | Place    | Note
-------+----------+-------------------------------------------
     0 | D:1      | Goblin1989 the Demonspawn Venom Mage began the quest for
                  | the Orb.
     0 | D:1      | Reached XP level 1. HP: 13/13 MP: 3/3
   148 | D:1      | Gained mutation: When seriously injured, your bleeding
                  | wounds create armour. (AC +12) [demonic ancestry]
   148 | D:1      | Reached XP level 2. HP: 7/19 MP: 0/5
   413 | D:1      | Learned a level 2 spell: Poisonous Vapours
   878 | D:1      | Gained mutation: When seriously injured, your bleeding
                  | wounds create thick armour. (AC +12) [demonic ancestry]
   878 | D:1      | Reached XP level 3. HP: 24/24 MP: 3/6
  1563 | D:2      | Learned a level 3 spell: Ignite Poison
  1655 | D:2      | Upgraded the game from 0.26-a0-228-g29f007ebfe to
                  | 0.26-a0-249-g7253cd193c
  1974 | D:2      | Gained mutation: When seriously injured, your bleeding
                  | wounds create very thick armour. (AC +12) [demonic
                  | ancestry]
  1974 | D:2      | Reached XP level 4. HP: 30/30 MP: 6/8
  2043 | D:2      | Noticed Robin
  2116 | D:2      | Killed Robin
  2610 | D:2      | Learned a level 2 spell: Blink
  3414 | D:3      | Reached XP level 5. HP: 35/35 MP: 5/10
  3991 | D:3      | Reached skill level 5 in Poison Magic
  4250 | D:3      | Found a runed translucent door.
  4251 | D:3      | Noticed Flugslaktarn's ghost (weakling GnFE)
  4251 | D:3      | Noticed a two-headed ogre
  4507 | D:3      | Found a shattered altar of Ashenzari.
  4763 | D:3      | Learned a level 4 spell: Olgreb's Toxic Radiance
  4763 | D:3      | Upgraded the game from 0.26-a0-249-g7253cd193c to
                  | 0.26-a0-255-gd5f3108e62
  5291 | D:3      | Upgraded the game from 0.26-a0-255-gd5f3108e62 to
                  | 0.26-a0-259-g1effd001a9
  5379 | D:4      | Gained mutation: You are immune to rotting. [demonic
                  | ancestry]
  5379 | D:4      | Reached XP level 6. HP: 41/42 MP: 12/12
  5394 | D:4      | Reached skill level 1 in Fighting
  5529 | D:4      | Noticed Blork the orc
  5549 | D:4      | Killed Blork the orc
  5949 | D:4      | Got a smoking copper ring
  5971 | D:4      | Noticed Ijyb
  5982 | D:4      | Killed Ijyb
  5982 | D:4      | Gained mutation: You have sharp toenails. [demonic
                  | ancestry]
  5982 | D:4      | Reached XP level 7. HP: 50/50 MP: 4/13
  6064 | D:4      | Noticed Menkaure
  6117 | D:4      | Learned a level 2 spell: Call Imp
  6145 | D:3      | Identified the cursed ring of Igetixuady {rPois rN+++ EV-4
                  | Int+3 Dex-4 Slay+2} (You found it on level 4 of the
                  | Dungeon)
  6380 | D:4      | Found a runed translucent door.
  6381 | D:4      | Noticed SamuraiZach's ghost (amateur TrBe)
  6565 | D:5      | Entered Level 5 of the Dungeon
  7083 | D:5      | Found a staircase to the Ecumenical Temple.
  7092 | Temple   | Entered the Ecumenical Temple
  7162 | Temple   | Became a worshipper of Gozag Ym Sagoz the Greedy
  8474 | D:6      | Gained mutation: You may emit foul miasma when damaged in
                  | melee. [demonic ancestry]
  8474 | D:6      | Reached XP level 8. HP: 58/58 MP: 1/14
  9439 | D:7      | Reached skill level 5 in Spellcasting
  9444 | D:7      | Learned a level 3 spell: Mephitic Cloud
  9515 | D:7      | Got a smoking falchion
  9913 | D:7      | Found a stormy altar of Qazlal.
 10209 | D:7      | Noticed a hippogriff
 10234 | D:7      | Killed a hippogriff
 10234 | D:7      | Gained mutation: You regenerate a little health from kills.
                  | [demonic ancestry]
 10234 | D:7      | Reached XP level 9. HP: 38/66 MP: 12/17
 10511 | D:7      | Found a hazy altar of Hepliaklqana.
 10550 | D:8      | Noticed a centaur warrior
 10567 | D:8      | Killed a centaur warrior
 10567 | D:8      | Reached skill level 5 in Fighting
 10567 | D:8      | Reached skill level 5 in Dodging
 10715 | D:8      | Found a transporter.
 10715 | D:8      | Noticed Glokmah's ghost (novice DDFi)
 10716 | D:8      | Noticed a cyclops
 10912 | D:8      | Learned a level 3 spell: Conjure Flame
 10989 | D:8      | Noticed a two-headed ogre
 11022 | D:8      | Killed a two-headed ogre
 11022 | D:8      | Reached skill level 10 in Poison Magic
 11072 | D:8      | Found a transporter.
 11075 | D:8      | Noticed Maurice
 11085 | D:8      | Gained mutation: You regenerate health from kills. [demonic
                  | ancestry]
 11085 | D:8      | Reached XP level 10. HP: 65/76 MP: 11/19
 11240 | D:8      | Found a hazy altar of Hepliaklqana.
 11242 | D:8      | Noticed a manticore
 11249 | D:8      | Killed a manticore
 11431 | D:8      | Noticed Joseph
 11454 | D:8      | Killed Joseph
 12500 | D:4      | Found a white marble altar of Elyvilon.
 12502 | D:4      | Found a hide-covered altar of Uskayaw.
 12504 | D:4      | Found a sacrificial altar of Ru.
 12869 | D:9      | Identified the +6 falchion "Subrag" {drain, +Fly rN+ Dex+4}
                  | (You found it on level 7 of the Dungeon)
 12981 | D:9      | Found Qotorrij's Armour Shoppe.
 13117 | D:9      | Reached skill level 1 in Long Blades
 13220 | D:9      | Noticed a cyclops
 13230 | D:9      | Killed a cyclops
 13579 | D:9      | Got a fading leather armour
 13590 | D:9      | Identified the +0 leather armour "Anie" {+Blink rC+} (You
                  | found it on level 9 of the Dungeon)
 13849 | D:9      | Found an iron altar of Okawaru.
 13980 | D:10     | Entered Level 10 of the Dungeon
 14005 | D:10     | Found a burning altar of Makhleb.
 14062 | D:10     | Found a staircase to the Orcish Mines.
 14096 | D:10     | Killed an unseen horror
 14442 | D:10     | Reached XP level 11. HP: 77/85 MP: 18/22
 14764 | D:11     | Found a staircase to the Lair.
 14809 | D:11     | Learned a level 4 spell: Fulminant Prism
 14838 | D:11     | Found Piytoith's General Store.
 14852 | D:11     | Bought a potion of flight for 48 gold pieces
 14852 | D:11     | Bought a scroll of fear for 56 gold pieces
 14894 | D:11     | Noticed a purple ugly thing
 14900 | D:11     | Reached skill level 1 in Conjurations
 14904 | D:11     | Killed a purple ugly thing
 14918 | D:11     | Reached skill level 2 in Conjurations
 15331 | D:11     | Noticed a purple ugly thing
 15414 | D:12     | Noticed an eight-headed hydra
 15453 | Lair:1   | Entered Level 1 of the Lair of Beasts
 15514 | Lair:1   | Found a frozen archway.
 15523 | IceCv    | Entered an ice cave
 15567 | IceCv    | Reached skill level 3 in Conjurations
 15817 | IceCv    | Reached skill level 4 in Conjurations
 16417 | IceCv    | Reached skill level 5 in Conjurations
 16430 | IceCv    | Reached skill level 5 in Long Blades
 16430 | IceCv    | Reached skill level 6 in Conjurations
 16539 | IceCv    | Noticed a frost giant
 16556 | IceCv    | Killed a frost giant
 16558 | IceCv    | Reached skill level 7 in Conjurations
 16570 | IceCv    | Reached XP level 12. HP: 55/92 MP: 13/24
 16651 | IceCv    | Got a pitted halberd
 16653 | IceCv    | Identified the +5 halberd of Dijaf {vorpal, rF- Str+7
                  | Dex+3} (You found it in an ice cave)
 17254 | Lair:1   | Found a runed translucent gate.
 17254 | Lair:1   | Found a runed translucent gate.
 17254 | Lair:1   | Found a runed translucent gate.
 17619 | Lair:1   | Noticed Esekla's ghost (journeyman FoIE)
 17883 | Lair:2   | Reached skill level 8 in Conjurations
 17910 | Lair:2   | Reached skill level 9 in Conjurations
 18262 | Lair:2   | Found a staircase to the Snake Pit.
 18713 | Lair:3   | Noticed Gastronok
 18736 | Lair:3   | Killed Gastronok
 18736 | Lair:3   | Reached skill level 10 in Conjurations
 19345 | Lair:3   | Reached XP level 13. HP: 98/98 MP: 17/25
 19380 | Lair:3   | Reached skill level 11 in Conjurations
 19621 | Lair:3   | Found a staircase to the Shoals.
 19849 | Lair:4   | You fall into a shaft and drop 2 floors!
 19849 | Lair:6   | Entered Level 6 of the Lair of Beasts
 19849 | Lair:6   | Found a staircase to the Slime Pits.
 19949 | Lair:6   | Noticed a dire elephant
 19949 | Lair:6   | Noticed a dire elephant
 20056 | Lair:6   | Noticed Urug
 20077 | Lair:6   | Killed Urug
 20109 | Lair:6   | Found a dark tunnel.
 20116 | Lair:6   | Learned a level 1 spell: Apportation
 20119 | Volcano  | Entered a volcano
 20163 | Volcano  | Noticed a red draconian
 20174 | Volcano  | Slain by a red draconian

Illustrated notes

Levels and vault maps discovered:
D:1:      dpeg_arrival_shrine, layout_basic
D:2:      layout_loops_ring, first_ration, uniq_robin
D:3:      minmay_roachtagon, layout_basic, lemuel_doored_altar,
          ebering_ghost_inner_flame
D:4:      layout_loops_ring, grunt_temple_overflow_diamond,
          ebering_ghost_reflecting_pool, uniq_blork_the_orc, uniq_ijyb,
          uniq_menkaure
D:5:      layout_basic, minmay_temple_entry_butterflies
D:6:      layout_basic, kennysheep_diamond
D:7:      layout_gridville, lemuel_coloured_pillars_altar,
          grunt_qazlal_sundering
D:8:      layout_loops_corners, basic_altar, gammafunk_ghost_arena,
          uniq_maurice, uniq_joseph
D:9:      layout_gridville, lemuel_round_altar, serial_shops, shop,
          hangedman_little_slice_of_home
D:10:     layout_small_grid, david_orc_2, basic_altar
D:11:     layout_cave_pools, david_lair_shrubbed, serial_shops,
          nicolae_shop_statue_plus, lightli_corner_chamber
D:12:     layout_grid_maze
Temple:   nicolae_temple_elliptical
Lair:1:   layout_loops_ring, gammafunk_ghost_icy,
          portal_ice_cave_entry_pillars_1, infiniplex_staircase_pool,
          lemuel_fruit_tree
Lair:2:   layout_gridlike, minmay_snake_entry_six_corridors,
          grunt_forest_large_clearings
Lair:3:   layout_roguey, minmay_shoals_entry_hut, special_room
          [special_room_bee], serial_bayou_shore_a, uniq_gastronok
Lair:4:   statuecave_lemuel, layout_loops_ring, st_stairs_5
Lair:5:   layout_roguey, grunt_megastairs_2
Lair:6:   gammafunk_lair_ancient_temple, layout_loops_ring,
          nicolae_slime_entry_slimehenge, enter_volcano_4, uniq_urug
Volcano:  volcano_caves

Skill      XL: |  1  2  3  4  5  6  7  8  9 10 11 12 13 |
---------------+----------------------------------------+-----
Poison Magic   | 4 5 6 7 8 10 | 10.0
Spellcasting   | 3 4 5 6 7 8 |  8.0
Dodging        | 2 3 4 5 7 8 |  8.0
Fighting       | 2 3 4 5 7 8 |  8.0
Long Blades    | 2 5 8 9 |  9.2
Conjurations   | 7 10 11 | 11.9
Stealth        | |  1.7
Transmutations | |  0.8

Action                   |  1- 3 |  4- 6 |  7- 9 | 10-12 | 13-15 || total
-------------------------+-------+-------+-------+-------+-------++-------
Melee: Unarmed           |     1 |       |       |       |       ||     1
       Dagger            |    15 |    10 |       |       |       ||    25
       Short sword       |       |    41 |   141 |    56 |       ||   238
       Kick              |       |       |    34 |   176 |    49 ||   259
       Falchion          |       |       |       |   397 |   127 ||   524
 Cast: Sting             |    30 |    37 |    21 |       |       ||    88
       Poisonous Vapours |    22 |    98 |    76 |    28 |       ||   224
       Olgreb's Toxic Ra |       |     1 |    23 |    66 |     8 ||    98
       Blink             |       |     1 |       |       |       ||     1
       Call Imp          |       |       |     4 |     4 |       ||     8
       Mephitic Cloud    |       |       |     5 |     5 |     3 ||    13
       Ignite Poison     |       |       |     3 |     4 |     1 ||     8
       Conjure Flame     |       |       |     1 |     1 |       ||     2
       Fulminant Prism   |       |       |       |    15 |     6 ||    21
       Apportation       |       |       |       |       |     9 ||     9
Invok: Call Merchant     |       |       |       |     1 |       ||     1
Evoke: Wand              |       |       |       |     1 |       ||     1
  Use: Scroll            |       |    14 |     1 |    13 |     3 ||    31
       Potion            |       |       |       |     4 |     2 ||     6
 Stab: Sleeping          |       |     2 |     1 |     6 |       ||     9
       Invisible         |       |       |       |     2 |       ||     2
       Distracted        |       |       |       |     4 |     2 ||     6
       Confused          |       |       |       |       |     1 ||     1
  Eat: Ration            |     1 |     4 |     4 |     8 |       ||    17
Armor: Robe              |     8 |       |       |       |       ||     8
       Animal skin       |       |    23 |    86 |    45 |       ||   154
       Leather armour    |       |       |       |   184 |    46 ||   230
Dodge: Dodged            |    24 |    58 |   123 |   503 |   128 ||   836
       Rpst.: Falchion   |       |       |       |   116 |    40 ||   156

Table legend:
 A = Non-vault XP
 B = Vault XP
 C = Vault XP percentage of total XP
 D = Non-vault monster count
 E = Vault monster count
 F = Vault count percentage of total count
                 A         B        C        D         E       F
            +---------+---------+-------+---------+---------+-------
      Total |   23679 |   22756 |  49.0 |     285 |     150 |  34.5
            +---------+---------+-------+---------+---------+-------
        D:1 |      48 |       0 |   0.0 |      22 |       0 |   0.0
        D:2 |     107 |      36 |  25.2 |      39 |      12 |  23.5
        D:3 |     154 |      14 |   8.3 |      27 |       7 |  20.6
        D:4 |     439 |     140 |  24.2 |      20 |       2 |   9.1
        D:5 |     203 |       0 |   0.0 |      11 |       0 |   0.0
        D:6 |     890 |     137 |  13.3 |      26 |       2 |   7.1
        D:7 |    1172 |       0 |   0.0 |      24 |       0 |   0.0
        D:8 |    3592 |     508 |  12.4 |      23 |       1 |   4.2
        D:9 |    1333 |     145 |   9.8 |      18 |       8 |  30.8
       D:10 |    2041 |     158 |   7.2 |      14 |       8 |  36.4
       D:11 |    1601 |     361 |  18.4 |      10 |       1 |   9.1
     Lair:2 |    2252 |    5088 |  69.3 |      14 |      40 |  74.1
     Lair:3 |    5331 |    4380 |  45.1 |      19 |      26 |  57.8
     Lair:4 |       0 |     430 | 100.0 |       0 |       3 | 100.0
     Lair:6 |    4516 |     822 |  15.4 |      18 |       2 |  10.0
      IceCv |       0 |    9516 | 100.0 |       0 |      36 | 100.0
    Volcano |       0 |    1021 | 100.0 |       0 |       2 | 100.0
            +---------+---------+-------+---------+---------+-------
